Map: Catalyst LE

Players

meowmeowcute - Winner!

  • Race: Terran Terran
  • Spawn Location: 11:00

VOD

Have the link to the VOD?

Description

Time

  • Played on: Dec. 20, 2017, 1:57 p.m.
  • Length: 24:17
Show
View Real Time Build Order
Export as new Build Order

meowmeowcute Terran - Winner!

Build Orders:  

Get SALT Encoding   

  12  0:11  SCV  
  13  0:44  Supply Depot  
  13  0:55  Refinery  
  13  0:59  SCV  
  14  1:15  SCV  
  14  1:18  Refinery  
  15  1:32  SCV  
  16  1:49  SCV  
  17  2:06  SCV  
  18  2:12  Barracks  
  18  2:23  SCV  
  19  2:40  SCV  
  20  2:57  SCV  
  21  3:14  SCV  
  22  3:24  Engineering Bay  
  22  3:31  SCV  
  23  3:55  Bunker  
  23  3:59  Barracks  
  23  4:07  Supply Depot  
  23  4:28  Factory  
  23  4:37  SCV, Marine  
  23  4:38  Bunker  
  25  4:42  Supply Depot  
  25  4:54  SCV  
  26  5:02  Marine  
  27  5:11  SCV  
  27  5:18  Ghost Academy  
  28  5:28  SCV  
  29  6:06  Supply Depot  
  29  6:17  Marine  
  30  6:25  Marine  
  31  6:41  Factory Tech Lab  
  31  6:42  Marine  
  32  6:50  Marine  
  32  6:53  Command Center  
  33  7:08  Siege Tank  
  36  7:37  Armory  
  36  7:41  Supply Depot  
  36  7:53  Siege Tank  
  36  7:54  Marine  
  36  7:56  Marine  
  36  7:57  Starport  
  36  8:51  Refinery  
  36  8:53  Siege Tank  
  36  8:59  Marine x2  
  41  9:11  Supply Depot  
  41  9:24  Refinery, Marine x2  
  43  9:31  Terran Infantry Armor Level 1  
  43  9:42  Supply Depot  
  43  9:49  Marine x2  
  45  10:00  SCV  
  46  10:14  Marine x2  
  46  10:15  Supply Depot  
  46  10:17  SCV  
  49  10:34  SCV  
  49  10:38  Thor  
  49  10:39  Marine  
  57  10:43  Bunker  
  57  10:47  Supply Depot  
  57  10:51  SCV  
  58  11:04  Fusion Core  
  58  11:08  SCV, Medivac  
  61  11:19  Supply Depot  
  61  11:25  SCV  
  61  11:26  Bunker  
  62  11:42  SCV  
  63  11:50  Medivac  
  63  11:58  Marine x2  
  63  11:59  SCV  
  68  12:11  Terran Infantry Weapons Level 1  
  68  12:16  SCV  
  69  12:23  Marine x2  
  71  12:48  Marine x2  
  73  12:50  Starport  
  73  12:52  Siege Tank  
  76  13:13  Marine  
  76  13:15  Marine  
  78  13:31  SCV  
  78  13:37  Marine  
  80  13:40  Marine  
  80  13:48  SCV  
  85  14:02  Marine  
  85  14:05  SCV  
  85  14:09  Unknown  
  87  14:41  Marine x2  
  87  14:44  Siege Tank  
  89  14:52  Siege Tank  
  89  14:57  Command Center  
  89  14:59  Unknown, Viking  
  94  15:06  Marine x2  
  96  15:26  Bunker  
  96  15:31  Marine  
  97  15:41  Viking  
  99  15:58  Unknown  
  102  16:16  Marine x2  
  104  16:23  Viking  
  106  16:38  Supply Depot  
  106  16:40  Marine  
  106  16:41  Thor, Marine  
  114  16:54  SCV  
  114  16:58  Unknown  
  118  17:05  Marine, Viking  
  118  17:06  Marine  
  122  17:10  Supply Depot  
  122  17:11  SCV  
  123  17:21  SCV  
  123  17:28  SCV  
  125  17:30  Marine  
  125  17:31  Marine  
  125  17:38  SCV  
  128  17:40  Thor  
  128  17:45  SCV  
  128  17:47  Viking  
  137  17:54  SCV  
  137  17:55  Marine x2  
  137  17:58  Unknown  
  140  18:02  SCV  
  141  18:21  Supply Depot  
  141  18:24  Supply Depot  
  141  18:38  Supply Depot  
  141  18:51  Supply Depot, Marine x2, Viking  
  141  18:56  SCV  
  149  19:13  SCV  
  149  19:16  Marine x2  
  152  19:26  Thor  
  158  19:30  SCV  
  158  19:33  Medivac  
  161  19:41  Marine x2  
  161  19:47  SCV  
  164  19:51  Unknown, Medivac  
  163  20:04  SCV  
  164  20:15  Medivac  
  166  20:26  Thor  
  166  20:57  Medivac  
  168  21:27  Marine x2  
  170  21:33  Unknown  
  173  21:58  Viking  
  173  21:59  Marine  
  168  22:10  Thor  
  168  22:33  Unknown  
  171  23:29  SCV  
  172  23:33  Unknown  
  172  23:46  SCV  
Tags
 
Add a new tag
Caveats
  • Supply blocks, unpowered buildings, or Contaminate may cause inaccurate times.
  • Supply counts are checked every 10 seconds.